[Event "GER-ch Youth U12 2020"]
[Site "Willingen"]
[Date "2020.10.31"]
[Round "7.5"]
[White "Haubold, Christian Lucas"]
[Black "Chinguun Sundui"]
[Result "0-1"]
[ECO "B01"]
[WhiteElo "1615"]
[BlackElo "1746"]
[Annotator "NA RC"]
[PlyCount "78"]
[EventDate "2020.10.27"]
[EventType "swiss"]
[EventRounds "7"]
[EventCountry "GER"]
[SourceTitle "playchess.com"]
[Source "ChessBase"]
[SourceQuality "1"]
[TimeControl "40/5400+30:1800+30"]

1. e4 d5 2. exd5 Qxd5 3. Nc3 Qd6 4. d4 Nf6 5. Nf3 a6 6. Bc4 b5 7. Bb3 Bb7 8. Be3 e6 9. a4 b4 10. Nb1 Nd5 11. Qd2 Be7 12. a5 O-O 13. O-O Rd8 14. c3 bxc3 15. bxc3 Nc6 16. Qd3 Bf6 17. Ng5 Bxg5 18. Bxg5 Nce7 19. Nd2 Nf4 20. Bxf4 Qxf4 21. Qe3 Qf6 22. Ne4 Qg6 23. Ng3 Rab8 24. Bc4 Nd5 25. Bxd5 Rxd5 26. Rfb1 Rxa5 27. Qf4 Rxa1 28. Rxa1 Rc8 29. Ra5 Qb1+ 30. Nf1 Be4 31. h3 Bd3 32. Kh2 Bxf1 33. Rc5 Qb6 34. Kg1 Bb5 35. c4 Bd7 36. Rh5 Qd6 37. Qh4 h6 38. Re5 c5 39. Re4 f5 0-1

[Event "GER-ch Youth U12 2020"]
[Site "Willingen"]
[Date "2020.10.31"]
[Round "7.6"]
[White "Korek, Jakob Alexander"]
[Black "Udelnov, Valentin"]
[Result "1-0"]
[ECO "E71"]
[WhiteElo "1592"]
[BlackElo "1691"]
[Annotator "NA RC"]
[PlyCount "115"]
[EventDate "2020.10.27"]
[EventType "swiss"]
[EventRounds "7"]
[EventCountry "GER"]
[SourceTitle "playchess.com"]
[Source "ChessBase"]
[SourceQuality "1"]
[TimeControl "40/5400+30:1800+30"]

1. d4 Nf6 2. c4 g6 3. Nc3 Bg7 4. e4 d6 5. h3 O-O 6. Be3 e5 7. d5 Nh5 8. g3 f5 9. exf5 Qe8 10. fxg6 Qxg6 11. Bd3 e4 12. Bf1 Be5 13. Nge2 Na6 14. g4 Nf4 15. Nxf4 Bxf4 16. Be2 Bd7 17. Qd2 Bxe3 18. fxe3 Nc5 19. b4 Na4 20. Qc2 Qf6 21. Kd2 Nxc3 22. Qxc3 Qg6 23. Raf1 Rxf1 24. Rxf1 Qg7 25. Qxg7+ Kxg7 26. Rf4 Re8 27. h4 c6 28. Bd1 cxd5 29. cxd5 Re5 30. Bb3 Bb5 31. Kc3 h6 32. Kd4 Bd3 33. Bc4 Bb1 34. Rf2 a6 35. Rb2 Bd3 36. Bxd3 exd3 37. Rd2 Re7 38. Rxd3 Rf7 39. Rc3 Rf2 40. Rc7+ Kf6 41. Rxb7 Rxa2 42. Rd7 Rg2 43. g5+ hxg5 44. hxg5+ Rxg5 45. Rxd6+ Kf5 46. e4+ Kf4 47. Rxa6 Rg8 48. Rf6+ Kg5 49. Rf5+ Kg6 50. d6 Rb8 51. b5 Rb6 52. Kc5 Rb8 53. d7 Ra8 54. Rd5 Rd8 55. Kc6 Kf7 56. Kc7 Rxd7+ 57. Kxd7 Kf6 58. b6 1-0

[Event "GER-ch Youth U12 2020"]
[Site "Willingen"]
[Date "2020.10.31"]
[Round "7.7"]
[White "Honisch, Alexander"]
[Black "Zobel, Christian"]
[Result "1/2-1/2"]
[ECO "C42"]
[WhiteElo "1667"]
[BlackElo "1521"]
[Annotator "NA RC"]
[PlyCount "64"]
[EventDate "2020.10.27"]
[EventType "swiss"]
[EventRounds "7"]
[EventCountry "GER"]
[SourceTitle "playchess.com"]
[Source "ChessBase"]
[SourceQuality "1"]
[TimeControl "40/5400+30:1800+30"]

1. e4 e5 2. Nf3 Nf6 3. Nxe5 d6 4. Nf3 Nxe4 5. Nc3 Nxc3 6. dxc3 Be7 7. Be3 Nc6 8. Qd2 Be6 9. O-O-O Qd7 10. Kb1 Rb8 11. Nd4 Nxd4 12. Bxd4 O-O 13. h4 b5 14. h5 a5 15. h6 g6 16. Ba7 Rb7 17. Qd4 f6 18. Qe3 b4 19. Re1 c6 20. Qxe6+ Qxe6 21. Rxe6 Rxa7 22. cxb4 Kf7 23. Re3 axb4 24. Bc4+ d5 25. Bb3 Bc5 26. Rd3 Re8 27. c4 d4 28. Bd1 Rae7 29. Bf3 Re1+ 30. Rxe1 Rxe1+ 31. Kc2 Re6 32. Rd2 f5 1/2-1/2

[Event "GER-ch Youth U12 2020"]
[Site "Willingen"]
[Date "2020.10.31"]
[Round "7.8"]
[White "Weyerer, Noah"]
[Black "Haubold, Sebastian Marcel"]
[Result "0-1"]
[ECO "A45"]
[WhiteElo "1536"]
[BlackElo "1769"]
[Annotator "NA RC"]
[PlyCount "72"]
[EventDate "2020.10.27"]
[EventType "swiss"]
[EventRounds "7"]
[EventCountry "GER"]
[SourceTitle "playchess.com"]
[Source "ChessBase"]
[SourceQuality "1"]
[TimeControl "40/5400+30:1800+30"]

1. d4 Nf6 2. Bf4 g6 3. Nc3 d5 4. e3 Bg7 5. h4 h5 6. Nb5 Na6 7. c4 c6 8. Nc3 Qa5 9. a3 Ne4 10. Qc1 c5 11. f3 cxd4 12. b4 Nxb4 13. axb4 Qxb4 14. fxe4 dxc3 15. Rb1 Qa4 16. Ra1 Qb3 17. Ra3 Qb2 18. Qxb2 cxb2 19. Bd3 dxc4 20. Bc2 b5 21. Nf3 b4 22. Ra4 b3 23. Bb1 c3 24. Kd1 Bg4 25. Bc7 Rc8 26. Rxa7 Be5 27. Bxe5 c2+ 28. Ke2 c1=Q 29. Rd1 Bxf3+ 30. gxf3 O-O 31. Rxe7 Rc2+ 32. Bxc2 bxc2 33. Rd6 Qd1+ 34. Kf2 Qxd6 35. Bxd6 c1=Q 36. Ba3 Qd2+ 0-1

[Event "GER-ch Youth U12 2020"]
[Site "Willingen"]
[Date "2020.10.31"]
[Round "7.9"]
[White "Uhlmann, Tim"]
[Black "Fruth, David"]
[Result "1-0"]
[ECO "C42"]
[WhiteElo "1523"]
[BlackElo "1665"]
[Annotator "NA RC"]
[PlyCount "49"]
[EventDate "2020.10.27"]
[EventType "swiss"]
[EventRounds "7"]
[EventCountry "GER"]
[SourceTitle "playchess.com"]
[Source "ChessBase"]
[SourceQuality "1"]
[TimeControl "40/5400+30:1800+30"]

1. e4 e5 2. Nf3 Nf6 3. Nxe5 d6 4. Nf3 Nxe4 5. Nc3 Nxc3 6. dxc3 Be7 7. Be3 Nc6 8. Qd2 Be6 9. O-O-O Qd7 10. b3 Bf6 11. h3 a5 12. a4 d5 13. g4 Qd6 14. Kb2 Be7 15. Ra1 O-O-O 16. Nd4 Bf6 17. f4 Nxd4 18. cxd4 c5 19. g5 cxd4 20. Bxd4 Bxd4+ 21. Qxd4 Kb8 22. Bg2 Rhe8 23. Rad1 Bf5 24. Qxd5 Qb4 25. Qxf5 1-0

[Event "GER-ch Youth U12 2020"]
[Site "Willingen"]
[Date "2020.10.31"]
[Round "7.10"]
[White "Sommer, Justus"]
[Black "Eichhorn, Valentin"]
[Result "1-0"]
[ECO "B40"]
[WhiteElo "1845"]
[BlackElo "1545"]
[Annotator "NA RC"]
[PlyCount "55"]
[EventDate "2020.10.27"]
[EventType "swiss"]
[EventRounds "7"]
[EventCountry "GER"]
[SourceTitle "playchess.com"]
[Source "ChessBase"]
[SourceQuality "1"]
[TimeControl "40/5400+30:1800+30"]

1. e4 c5 2. Nf3 e6 3. c3 Nc6 4. Na3 a6 5. d4 d5 6. exd5 Qxd5 7. Nc2 Nf6 8. h3 h6 9. Be3 cxd4 10. Ncxd4 Nxd4 11. Bxd4 Be7 12. Be2 Qd8 13. Qc2 Bd6 14. Rd1 Qe7 15. O-O e5 16. Bb6 e4 17. Nd2 $14 O-O 18. Bd4 Bf5 19. Nc4 Bg6 20. Bxf6 gxf6 21. Nxd6 e3 22. Qb3 exf2+ 23. Rxf2 b5 24. Bf3 Rad8 25. Re2 Qd7 26. Red2 Qe7 27. c4 bxc4 28. Nxc4 1-0

[Event "GER-ch Youth U12 2020"]
[Site "Willingen"]
[Date "2020.10.31"]
[Round "7.11"]
[White "Gärtner, Alessandro"]
[Black "Müller, Maximilian"]
[Result "1/2-1/2"]
[ECO "A48"]
[WhiteElo "1251"]
[BlackElo "1691"]
[Annotator "NA RC"]
[PlyCount "63"]
[EventDate "2020.10.27"]
[EventType "swiss"]
[EventRounds "7"]
[EventCountry "GER"]
[SourceTitle "playchess.com"]
[Source "ChessBase"]
[SourceQuality "1"]
[TimeControl "40/5400+30:1800+30"]

1. d4 Nf6 2. Nf3 g6 3. Nc3 d5 4. Bf4 c6 5. Qd2 Bg7 6. e3 {[%emt 0:00:21] D00: 1 d4 d5: Unusual lines.} O-O 7. Ne5 {[%emt 0:00:18] [#]} Nbd7 $146 ({Predecessor:} 7... Nfd7 8. Rd1 f6 9. Nxd7 Nxd7 10. Bg3 f5 11. f4 b5 12. Bd3 a5 13. O-O Ba6 {0-1 (28) Nieto Asencio,M (2034)-Jordan Martinez,M (2189) Padron 2011}) 8. h4 Nh5 9. Bh2 Nxe5 10. Bxe5 f6 (10... Bxe5 $11 11. dxe5 Qc7) 11. Bh2 $14 f5 12. Be2 Nf6 13. Bf4 Qe8 14. f3 Nd7 15. h5 e5 16. dxe5 Nxe5 (16... gxh5 $14 17. e6 Ne5) 17. hxg6 $16 hxg6 18. O-O-O Qe7 19. Bh6 Be6 20. Qd4 Nd7 21. Bxg7 Qxg7 22. Rh2 ({Better is} 22. Qb4 $16) 22... Qxd4 $11 {[%emt 0:01:52] The position is equal.} 23. exd4 Kg7 24. Rdh1 Rh8 25. Kd2 Rxh2 26. Rxh2 Rh8 27. Rxh8 Kxh8 28. Ke3 Kg7 29. g3 Kf6 30. Nd1 Nb6 31. b3 g5 32. Nb2 {[%emt 0:00:40] Av CentiPawn Loss W=-11/B=-11. Weighted=-16/-13} 1/2-1/2

[Event "GER-ch Youth U12 2020"]
[Site "Willingen"]
[Date "2020.10.31"]
[Round "7.12"]
[White "Möller, Maurin"]
[Black "Grabs, Peter"]
[Result "1-0"]
[ECO "C10"]
[WhiteElo "1645"]
[BlackElo "1674"]
[Annotator "NA RC"]
[PlyCount "79"]
[EventDate "2020.10.27"]
[EventType "swiss"]
[EventRounds "7"]
[EventCountry "GER"]
[SourceTitle "playchess.com"]
[Source "ChessBase"]
[SourceQuality "1"]
[TimeControl "40/5400+30:1800+30"]

1. e4 e6 2. d4 d5 3. Nd2 dxe4 4. Nxe4 Bd7 5. Nf3 Bc6 6. Bd3 Nd7 7. O-O Ngf6 8. Re1 Nxe4 9. Bxe4 Bxe4 10. Rxe4 Nf6 11. Re1 c6 12. c3 Be7 13. Ne5 O-O 14. Bg5 h6 15. Bh4 Qc7 16. Qf3 Nd5 17. Bxe7 Qxe7 18. Re4 Nf6 19. Rf4 Nd7 20. Re1 Nxe5 21. Rxe5 g5 22. Rfe4 Rad8 23. h4 Rd5 24. hxg5 Rxe5 25. Rxe5 hxg5 26. Qe3 g4 27. Rg5+ Kh8 28. Rh5+ Kg8 29. Qh6 f6 30. Qh8+ Kf7 31. Rh7+ Kg6 32. Rxe7 Rxh8 33. Rxb7 a5 34. Rc7 e5 35. dxe5 fxe5 36. Rxc6+ Kf5 37. Kf1 e4 38. Rc5+ Kf4 39. g3+ Kf3 40. Rf5# 1-0

[Event "GER-ch Youth U12 2020"]
[Site "Willingen"]
[Date "2020.10.31"]
[Round "7.14"]
[White "Torosyan, Bagrat"]
[Black "Vecera, Fabio"]
[Result "1-0"]
[ECO "B02"]
[WhiteElo "1634"]
[BlackElo "1534"]
[Annotator "NA RC"]
[PlyCount "57"]
[EventDate "2020.10.27"]
[EventType "swiss"]
[EventRounds "7"]
[EventCountry "GER"]
[SourceTitle "playchess.com"]
[Source "ChessBase"]
[SourceQuality "1"]
[TimeControl "40/5400+30:1800+30"]

1. e4 Nf6 2. Nc3 d5 3. exd5 Nxd5 4. Bc4 c6 5. Nf3 g6 6. d4 Bg7 7. h3 O-O 8. O-O Bf5 9. a3 Nxc3 10. bxc3 Nd7 11. Rb1 Qc7 12. Nh4 Be4 13. Qe2 Bd5 14. Nf3 Bxc4 15. Qxc4 Nb6 16. Qb3 Rad8 17. Bg5 Rd7 18. Bh4 Nd5 19. Bg3 Nf4 20. Rfe1 c5 21. Re4 c4 22. Qa4 Bh6 23. Ne5 Rd5 24. Bxf4 Bxf4 25. Rxf4 f6 26. Qxc4 Qd6 27. Nd3 Qd7 28. Nb4 Kg7 29. Qxd5 1-0

[Event "GER-ch Youth U12 2020"]
[Site "Willingen"]
[Date "2020.10.31"]
[Round "7.15"]
[White "Werner, Florin"]
[Black "Kiefhaber, Tobias"]
[Result "1-0"]
[ECO "B14"]
[WhiteElo "1481"]
[BlackElo "1542"]
[Annotator "NA RC"]
[PlyCount "23"]
[EventDate "2020.10.27"]
[EventType "swiss"]
[EventRounds "7"]
[EventCountry "GER"]
[SourceTitle "playchess.com"]
[Source "ChessBase"]
[SourceQuality "1"]
[TimeControl "40/5400+30:1800+30"]

1. e4 c6 2. d4 d5 3. exd5 cxd5 4. c4 Nf6 5. Nc3 e6 6. Nf3 Nc6 7. cxd5 exd5 8. Bb5 Bg4 9. Qa4 Qb6 10. Ne5 Bd7 11. O-O Qxd4 12. Nxd7 1-0

[Event "GER-ch Youth U12 2020"]
[Site "Willingen"]
[Date "2020.10.31"]
[Round "7.17"]
[White "Navarro Jahnke, Leo"]
[Black "Cromm, Mika"]
[Result "1/2-1/2"]
[ECO "D35"]
[WhiteElo "1686"]
[BlackElo "1665"]
[Annotator "NA RC"]
[PlyCount "83"]
[EventDate "2020.10.27"]
[EventType "swiss"]
[EventRounds "7"]
[EventCountry "GER"]
[SourceTitle "playchess.com"]
[Source "ChessBase"]
[SourceQuality "1"]
[TimeControl "40/5400+30:1800+30"]

1. d4 d5 2. c4 e6 3. Nc3 Nf6 4. cxd5 exd5 5. Bg5 Be7 6. Qc2 c6 7. e3 O-O 8. Nf3 Nbd7 9. Bd3 h6 10. Bf4 c5 11. O-O b6 12. Rfd1 cxd4 13. Nxd4 Bb7 14. a3 Nc5 15. b4 Nxd3 16. Qxd3 Bd6 17. Bxd6 Qxd6 18. Rac1 a6 19. Nde2 Qe5 20. Na4 b5 21. Nc5 Rab8 22. h3 Rfd8 23. Qd4 Qe7 24. Nf4 g5 25. Nfd3 Bc8 26. Ne5 Rd6 27. Rc2 Be6 28. Rdc1 Rc8 29. f3 Bf5 30. Ra2 Nd7 31. Nexd7 Bxd7 32. Rac2 Rdc6 33. Rc3 Rd6 34. Kf2 f5 35. Nxd7 Rxc3 36. Rxc3 Qxd7 37. h4 g4 38. Rc1 gxf3 39. gxf3 Rg6 40. Rg1 Rxg1 41. Kxg1 Qg7+ 42. Kf2 1/2-1/2

[Event "GER-ch Youth U12 2020"]
[Site "Willingen"]
[Date "2020.10.31"]
[Round "7.18"]
[White "Leubner, Paul Damdin"]
[Black "Krüger, Arthur"]
[Result "0-1"]
[ECO "A08"]
[WhiteElo "1409"]
[BlackElo "1704"]
[Annotator "NA RC"]
[PlyCount "48"]
[EventDate "2020.10.27"]
[EventType "swiss"]
[EventRounds "7"]
[EventCountry "GER"]
[SourceTitle "playchess.com"]
[Source "ChessBase"]
[SourceQuality "1"]
[TimeControl "40/5400+30:1800+30"]

1. e4 e6 2. d3 c5 3. Nd2 Nc6 4. Ngf3 d5 5. g3 Nf6 6. Bg2 Be7 7. O-O O-O 8. Re1 dxe4 9. Nxe4 Qb6 10. Ned2 Nd5 11. Nc4 Qc7 12. Qe2 b5 13. Ne3 Bb7 14. Bd2 a6 15. Rad1 Rad8 16. c3 h6 17. Bc1 Bd6 18. d4 cxd4 19. Nxd4 Nxd4 20. Rxd4 Bc5 21. Rdd1 Nf6 22. Bxb7 Qxb7 23. b3 Qe4 24. Kf1 Qh1# 0-1

[Event "GER-ch Youth U12 2020"]
[Site "Willingen"]
[Date "2020.10.31"]
[Round "7.19"]
[White "Braeutigam, Alexander"]
[Black "Schwarz, David"]
[Result "1/2-1/2"]
[ECO "A13"]
[WhiteElo "1631"]
[BlackElo "1200"]
[Annotator "NA RC"]
[PlyCount "55"]
[EventDate "2020.10.27"]
[EventType "swiss"]
[EventRounds "7"]
[EventCountry "GER"]
[SourceTitle "playchess.com"]
[Source "ChessBase"]
[SourceQuality "1"]
[TimeControl "40/5400+30:1800+30"]

1. c4 e6 2. Nc3 d5 3. cxd5 exd5 4. d4 Nf6 5. Bf4 c5 6. e3 Nc6 7. Nf3 c4 8. Bg5 Bb4 9. a3 Bxc3+ 10. bxc3 h6 11. Bh4 g5 12. Bg3 Ne4 13. Qc2 Bf5 14. Qb2 Qd7 15. Nd2 Nxd2 16. Qxd2 Na5 17. Qb2 Nb3 18. Rd1 Bg6 19. f3 O-O 20. h4 Rae8 21. Kf2 Qe7 22. Re1 f5 23. Be5 g4 24. f4 Bh5 25. g3 b5 26. Be2 a5 27. Bd1 a4 28. Be2 1/2-1/2

[Event "GER-ch Youth U12 2020"]
[Site "Willingen"]
[Date "2020.10.31"]
[Round "7.20"]
[White "Aravindan, Midhulan"]
[Black "Isbilir, Levin"]
[Result "0-1"]
[ECO "B20"]
[WhiteElo "1565"]
[BlackElo "1233"]
[Annotator "NA RC"]
[PlyCount "90"]
[EventDate "2020.10.27"]
[EventType "swiss"]
[EventRounds "7"]
[EventCountry "GER"]
[SourceTitle "playchess.com"]
[Source "ChessBase"]
[SourceQuality "1"]
[TimeControl "40/5400+30:1800+30"]

1. e4 c5 2. b3 Nc6 3. Bb2 d6 4. f4 e5 5. Nc3 exf4 6. Qf3 Nd4 7. Qd3 Qh4+ 8. Kd1 Nf6 9. Nf3 Qh5 10. h3 Ng4 11. hxg4 Qxh1 12. Nxd4 cxd4 13. Nd5 Bxg4+ 14. Kc1 Rc8 15. Bxd4 f3 16. g3 f2 17. Kb2 Qf3 18. Qb5+ Bd7 19. Qxb7 Qg4 20. Bxa7 Be7 21. Nb6 Bf6+ 22. c3 Rd8 23. Nxd7 Rxd7 24. Qc8+ Ke7 25. Qxh8 Rxa7 26. Qxh7 Qxg3 27. Qh3 Qf4 28. Qd3 Bg5 29. Kc2 Ra5 30. a4 Re5 31. Bg2 f5 32. Rf1 fxe4 33. Qd4 e3 34. dxe3 Qg3 35. Bd5 Bxe3 36. Qc4 Kf6 37. Bg8 Re7 38. Qd5 Qe5 39. Qxe5+ Rxe5 40. b4 g5 41. Kd3 Ba7 42. Kd2 g4 43. c4 g3 44. Bd5 Rxd5+ 45. cxd5 g2 0-1

[Event "GER-ch Youth U12 2020"]
[Site "Willingen"]
[Date "2020.10.31"]
[Round "7.21"]
[White "Guo, Jacob Tingshen"]
[Black "Toth, Luca"]
[Result "1/2-1/2"]
[ECO "E91"]
[WhiteElo "1551"]
[BlackElo "1680"]
[Annotator "NA RC"]
[PlyCount "80"]
[EventDate "2020.10.27"]
[EventType "swiss"]
[EventRounds "7"]
[EventCountry "GER"]
[SourceTitle "playchess.com"]
[Source "ChessBase"]
[SourceQuality "1"]
[TimeControl "40/5400+30:1800+30"]

1. d4 Nf6 2. c4 g6 3. Nc3 Bg7 4. Nf3 O-O 5. e4 d6 6. Be2 Nbd7 7. O-O e5 8. d5 Nc5 9. Qc2 a5 10. Ne1 Ne8 11. Nd3 Nxd3 12. Bxd3 f5 13. f3 f4 14. b3 Bd7 15. a3 Nf6 16. Bb2 Qe7 17. b4 Rfc8 18. b5 c6 19. a4 cxd5 20. cxd5 Bf8 21. Rfc1 Qd8 22. Qf2 Be8 23. Ba3 Nd7 24. Nd1 Qb6 25. Nb2 Qxf2+ 26. Kxf2 Nb6 27. Nc4 Nxc4 28. Rxc4 Rxc4 29. Bxc4 Rc8 30. Rc1 Be7 31. Bb3 Rxc1 32. Bxc1 Bd8 33. g3 Bb6+ 34. Kg2 g5 35. g4 Kf7 36. h3 Ke7 37. Kf1 Kd7 38. Ke2 Kc7 39. Kd3 Bc5 40. Bd2 Kb6 1/2-1/2

[Event "GER-ch Youth U12 2020"]
[Site "Willingen"]
[Date "2020.10.31"]
[Round "7.22"]
[White "Brandstrup, Luca Alexander"]
[Black "Schreidl, Michael"]
[Result "0-1"]
[ECO "C45"]
[WhiteElo "1575"]
[BlackElo "1640"]
[Annotator "NA RC"]
[PlyCount "170"]
[EventDate "2020.10.27"]
[EventType "swiss"]
[EventRounds "7"]
[EventCountry "GER"]
[SourceTitle "playchess.com"]
[Source "ChessBase"]
[SourceQuality "1"]
[TimeControl "40/5400+30:1800+30"]

1. e4 e5 2. Nf3 Nc6 3. d4 exd4 4. Nxd4 Bc5 5. Be3 Qf6 6. c3 Nge7 7. Bc4 O-O 8. O-O b6 9. Nc2 Ne5 10. Bd5 c6 11. Bxc5 bxc5 12. Bb3 Ba6 13. Re1 Nd3 14. Re3 Qxf2+ 15. Kh1 Nxb2 16. Qe1 Qxe1+ 17. Nxe1 Nc4 18. Bxc4 Bxc4 19. Nd2 Be6 20. Nb3 Bxb3 21. axb3 Rfe8 22. Nc2 Reb8 23. c4 Rb7 24. h3 Rab8 25. Ra3 Kf8 26. Rd3 f6 27. Ne1 Ng6 28. Nf3 Re8 29. Nd2 Nf4 30. Re3 Ne6 31. Nf3 Nd4 32. Nxd4 cxd4 33. Re2 c5 34. Kg1 d6 35. Kf1 Reb8 36. Rb2 Kf7 37. Ke2 Re7 38. Kd3 Rbe8 39. Re2 Kg8 40. g4 h5 41. Ra1 hxg4 42. hxg4 Rb7 43. Rb1 Reb8 44. Reb2 Rb4 45. Kc2 Kf7 46. Ra2 R8b7 47. Rab2 Ke6 48. Kd3 Ke5 49. Kc2 g6 50. Rf1 Rh7 51. Rbb1 Rh2+ 52. Kc1 Re2 53. Kd1 Rxe4 54. Kd2 a5 55. Rf3 a4 56. Rbf1 Rxb3 57. Rxf6 Rxg4 58. Rf8 Rg2+ 59. Kc1 Rc3+ 60. Kb1 Rxc4 61. Re1+ Kd5 62. Rf6 Rb4+ 63. Ka1 a3 64. Rxd6+ Kc4 65. Rc1+ Kb3 66. Ra6 Rc2 67. Rb1+ Kc4 68. Rd1 Rc3 69. Rxg6 Ra4 70. Rg4 Ra6 71. Rf4 Rh6 72. Rg4 Rh2 73. Rgg1 Rcc2 74. Rc1 Rxc1+ 75. Rxc1+ Kd5 76. Re1 d3 77. Rd1 c4 78. Rc1 Kd4 79. Rd1 c3 80. Rc1 d2 81. Rg1 c2 82. Ka2 d1=Q 83. Rxd1+ cxd1=Q+ 84. Kxa3 Rh3+ 85. Kb4 Qb1+ 0-1

[Event "GER-ch Youth U12 2020"]
[Site "Willingen"]
[Date "2020.10.31"]
[Round "7.23"]
[White "Deschler, Arne"]
[Black "Müller, Mitja"]
[Result "1/2-1/2"]
[ECO "B25"]
[WhiteElo "1671"]
[BlackElo "1360"]
[Annotator "NA RC"]
[PlyCount "131"]
[EventDate "2020.10.27"]
[EventType "swiss"]
[EventRounds "7"]
[EventCountry "GER"]
[SourceTitle "playchess.com"]
[Source "ChessBase"]
[SourceQuality "1"]
[TimeControl "40/5400+30:1800+30"]

1. e4 c5 2. Nc3 Nc6 3. g3 g6 4. Bg2 Bg7 5. d3 d6 6. Nge2 Nd4 7. O-O e6 8. Be3 Ne7 9. h3 O-O 10. g4 f5 11. gxf5 exf5 12. f3 Be6 13. Nf4 Qd7 14. Ncd5 Nxd5 15. exd5 Bf7 16. c3 g5 17. Nh5 Bxh5 18. cxd4 f4 19. Bf2 cxd4 20. Qb3 Rf5 21. h4 Qf7 22. Bh3 Rxd5 23. Rae1 g4 24. fxg4 Bg6 25. h5 Bxh5 26. gxh5 Rg5+ 27. Kh2 Qxb3 28. axb3 Kh8 29. h6 Be5 30. Rg1 Rag8 31. Rxg5 Rxg5 32. Rg1 f3+ 33. Bg3 f2 34. Bxe5+ Rxe5 35. Rg4 Re2 36. Kg3 Re3+ 37. Kxf2 Rxh3 38. Rxd4 Rh2+ 39. Ke3 Rxh6 40. Rb4 Rh3+ 41. Kd2 Rh2+ 42. Kc3 h5 43. Rxb7 h4 44. Rxa7 Rh1 45. Rd7 h3 46. Kb4 h2 47. Rxd6 Kg7 48. Rd4 Rg1 49. Rh4 h1=Q 50. Rxh1 Rxh1 51. Kc5 Rb1 52. b4 Rxb2 53. d4 Kf7 54. b5 Ke7 55. Kc6 Kd8 56. d5 Rc2+ 57. Kd6 Kc8 58. Ke7 Re2+ 59. Kd6 Kb7 60. Kd7 Kb6 61. d6 Kxb5 62. Kc7 Rc2+ 63. Kb7 Rd2 64. Kc7 Rc2+ 65. Kb7 Rd2 66. Kc7 1/2-1/2

[Event "GER-ch Youth U12 2020"]
[Site "Willingen"]
[Date "2020.10.31"]
[Round "7.24"]
[White "Stadelmann, Constantin"]
[Black "Göpfert, Gregor"]
[Result "0-1"]
[ECO "D12"]
[WhiteElo "1366"]
[BlackElo "1603"]
[Annotator "NA RC"]
[PlyCount "44"]
[EventDate "2020.10.27"]
[EventType "swiss"]
[EventRounds "7"]
[EventCountry "GER"]
[SourceTitle "playchess.com"]
[Source "ChessBase"]
[SourceQuality "1"]
[TimeControl "40/5400+30:1800+30"]

1. d4 d5 2. Nf3 Nf6 3. e3 Bf5 4. c4 c6 5. Nc3 e6 6. Be2 h6 7. O-O Nbd7 8. b3 Bd6 9. Bb2 O-O 10. c5 Bc7 11. b4 e5 12. dxe5 Nxe5 13. a4 Nxf3+ 14. Bxf3 Qe7 15. Qd2 Rad8 16. b5 Ne4 17. Bxe4 dxe4 18. Qc2 Qe5 19. g3 Qe6 20. Ba3 Rfe8 21. Bb4 Bg4 22. a5 Bf3 0-1

[Event "GER-ch Youth U12 2020"]
[Site "Willingen"]
[Date "2020.10.31"]
[Round "7.25"]
[White "Mader, Fabian"]
[Black "Schröder, Jan-Hendrik"]
[Result "1/2-1/2"]
[ECO "B31"]
[WhiteElo "1588"]
[BlackElo "1324"]
[Annotator "NA RC"]
[PlyCount "76"]
[EventDate "2020.10.27"]
[EventType "swiss"]
[EventRounds "7"]
[EventCountry "GER"]
[SourceTitle "playchess.com"]
[Source "ChessBase"]
[SourceQuality "1"]
[TimeControl "40/5400+30:1800+30"]

1. e4 c5 2. Nf3 Nc6 3. Bb5 g6 4. O-O Bg7 5. c3 Nf6 6. Re1 O-O 7. d4 cxd4 8. cxd4 d5 9. e5 Ne4 10. Nbd2 Nxd2 11. Bxd2 Bg4 12. Bxc6 Bxf3 13. Qxf3 bxc6 14. Rac1 Qb6 15. Qc3 Rfc8 16. b3 e6 17. Rc2 Rc7 18. Rec1 Rac8 19. a4 Bf8 20. b4 a6 21. Rb2 Rb7 22. Rcb1 Rcb8 23. g3 a5 24. b5 c5 25. Be3 c4 26. Bd2 Ra8 27. Qe3 Rc7 28. Bc3 h5 29. h4 Kh7 30. Kg2 Bh6 31. f4 Raa7 32. Rd1 Bf8 33. Rdb1 Ra8 34. Kf3 Rca7 35. Ra2 Be7 36. Kg2 Rc8 37. Rc2 Rca8 38. Ra2 Rc8 1/2-1/2

[Event "GER-ch Youth U12 2020"]
[Site "Willingen"]
[Date "2020.10.31"]
[Round "7.26"]
[White "Chugunov, Ivan"]
[Black "Detjen, Mattes"]
[Result "1-0"]
[ECO "C54"]
[WhiteElo "1552"]
[BlackElo "1190"]
[Annotator "NA RC"]
[PlyCount "77"]
[EventDate "2020.10.27"]
[EventType "swiss"]
[EventRounds "7"]
[EventCountry "GER"]
[SourceTitle "playchess.com"]
[Source "ChessBase"]
[SourceQuality "1"]
[TimeControl "40/5400+30:1800+30"]

1. e4 e5 2. Nf3 Nc6 3. Bc4 Bc5 4. c3 Nf6 5. d3 O-O 6. Bb3 d5 7. Nbd2 Bg4 8. Qe2 d4 9. a4 a6 10. h3 Bh5 11. O-O Qd7 12. Rd1 b5 13. Nf1 dxc3 14. bxc3 b4 15. cxb4 Bxb4 16. Be3 Ba5 17. Ng3 Bxf3 18. Qxf3 Bb6 19. Rac1 Bxe3 20. fxe3 Rab8 21. Bc4 Rb2 22. Bxa6 Ra8 23. Bb5 Nd4 24. exd4 Qxd4+ 25. Kh1 Rf2 26. Nf5 Qb2 27. Rb1 Qc2 28. Rdc1 Qd2 29. Qe3 Qa2 30. Bc4 Qd2 31. Qxd2 Rxd2 32. Bb5 g6 33. Ne3 Nh5 34. Rc2 Rxc2 35. Nxc2 Nf4 36. Nb4 c5 37. Nd5 Nxd5 38. exd5 Rd8 39. Bc6 1-0

[Event "GER-ch Youth U12 2020"]
[Site "Willingen"]
[Date "2020.10.31"]
[Round "7.27"]
[White "Schneble, Milan"]
[Black "Ehrlich, Patrick"]
[Result "1/2-1/2"]
[ECO "B07"]
[WhiteElo "1418"]
[BlackElo "1448"]
[Annotator "NA RC"]
[PlyCount "45"]
[EventDate "2020.10.27"]
[EventType "swiss"]
[EventRounds "7"]
[EventCountry "GER"]
[SourceTitle "playchess.com"]
[Source "ChessBase"]
[SourceQuality "1"]
[TimeControl "40/5400+30:1800+30"]

1. e4 d6 2. d4 Nf6 3. Nc3 g6 4. Bf4 Bg7 5. Qd2 O-O 6. Nf3 Bg4 7. Be2 Bxf3 8. Bxf3 Nfd7 9. O-O Nc6 10. Ne2 e5 11. dxe5 Ndxe5 12. Nc3 Nxf3+ 13. gxf3 Nd4 14. Qd3 Qf6 15. Nd5 Qd8 16. c3 Ne6 17. Bg3 c6 18. Ne3 Be5 19. Bxe5 dxe5 20. Qxd8 Raxd8 21. Rad1 Rxd1 22. Rxd1 Rd8 23. Rxd8+ 1/2-1/2